 Dungeon Crawl Stone Soup version 0.20.0-3-g22ec75f (webtiles) character file.

253617 GordonOverkill the Slayer (level 19, -17/283 HPs)
             Began as a Hill Orc Fighter on May 27, 2017.
             Was the Champion of Beogh.
             Demolished by Asterion
             ... wielding a +1 demon blade of freezing
              (19 damage)
             ... on level 1 of the Vaults.
             The game lasted 02:37:40 (43407 turns).

GordonOverkill the Slayer (Hill Orc Fighter)       Turns: 43407, Time: 02:37:40

Health: -17/283    AC: 26    Str: 29    XL:     19   Next: 72%
Magic:  26/26      EV: 14    Int:  7    God:    Beogh [******]
Gold:   1582       SH: 24    Dex: 12    Spells: 18/18 levels left

rFire    + + .     SeeInvis +   a - +2 war axe (elec)
rCold    . . .     Gourm    .   d - +1 large shield {rF+}
rNeg     . . .     Faith    .   Q - +5 scale mail of the Unseen Realm {rElec Regen+ Int-5 SInv}
rPois    +         Spirit   .   X - +1 helmet {Int+3}
rElec    +         Reflect  .   i - +2 cloak
rCorr    .         Harm     .   r - +1 pair of gloves
MR       +....                  g - +1 pair of boots
Stlth    ..........             (no amulet)
Regen    1.0/turn               A - ring of protection from fire
MPRegen  0.2/turn               F - ring of poison resistance

@: berserking (expiring), drained, very quick
A: walk on water
}: 2/15 runes: decaying, serpentine
a: Smiting, Recall Orcish Followers, Give Item to Named Follower, Resurrection,
Renounce Religion


You were on level 1 of the Vaults.
You worshipped Beogh.
Beogh was exalted by your worship.
You were not hungry.

You visited 6 branches of the dungeon, and saw 32 of its levels.
You visited the Abyss 1 time.
You also visited: Labyrinth, Ice Cave and Volcano.

You collected 3338 gold pieces.
You spent 1756 gold pieces at shops.

Inventory:

Hand Weapons
 a - a +2 war axe of electrocution (weapon)
 b - a +4 morningstar of freezing
 o - a +0 broad axe of draining
 Z - a +0 antimagic war axe
Missiles
 M - 2 throwing nets (quivered)
Armour
 c - a +0 shield
 d - a +1 large shield of fire resistance (worn)
 g - a +1 pair of boots (worn)
 i - a +2 cloak (worn)
 r - a +1 pair of gloves (worn)
 Q - the +5 scale mail of the Unseen Realm (worn) {rElec Regen+ Int-5 SInv}
   (You found it on level 9 of the Dungeon)

   It affects your intelligence (-5).
   It insulates you from electricity.
   It lets you see invisible.
   It increases your rate of regeneration.
 X - a +1 helmet of intelligence (worn)
Jewellery
 A - a ring of protection from fire (left hand)
 F - a ring of poison resistance (right hand)
 K - an uncursed ring of protection from magic
 R - an uncursed ring of see invisible
 T - the ring "Atiuhoap" {+Blink MR++ AC+1 Int-2}
   (You bought it in a shop on level 4 of the Snake Pit)

   [ring of protection]

   It affects your AC (+1).
   It affects your intelligence (-2).
   It affects your resistance to hostile enchantments.
   It lets you blink.
Wands
 j - a wand of iceblast (6/15)
 C - a wand of digging (5/24)
 P - a wand of paralysis (13/24)
 V - a wand of acid (10/15)
 Y - a wand of iceblast (4/15)
Scrolls
 l - a scroll of summoning
 n - 9 scrolls of enchant weapon
 p - 10 scrolls of teleportation
 q - a scroll of magic mapping
 w - 13 scrolls of remove curse
 y - a scroll of fear
 G - 3 scrolls of identify
 H - 8 scrolls of recharging
 L - 4 scrolls of enchant armour
 O - a scroll of blinking
 S - 5 scrolls of fog
Potions
 e - a potion of flight
 s - 4 potions of heal wounds
 t - 6 potions of haste
 u - 6 potions of might
 v - 3 potions of lignification
 x - 9 potions of curing
 z - 7 potions of cancellation
 B - 3 potions of agility
 D - 4 potions of resistance
 E - 2 potions of berserk rage
 I - 3 potions of ambrosia
 U - 6 potions of mutation
 W - a potion of invisibility
Comestibles
 f - 24 bread rations
 h - 13 meat rations
 k - 40 fruits
 m - 24 royal jellies


   Skills:
 - Level 21.3(20.8) Fighting
 - Level 18.1(17.6) Axes
 - Level 15.3(14.9) Armour
 - Level 9.1(8.8) Dodging
 + Level 18.2(17.7) Shields
 - Level 10.2(9.8) Invocations


You had 18 spell levels left.
You didn't know any spells.

Dungeon Overview and Level Annotations

Branches:
Dungeon (15/15)            Temple (0/1) D:4            Lair (6/6) D:11
  Swamp (4/4) Lair:2        Snake (4/4) Lair:3        Slime (0/5) Lair:6
    Orc (2/2) D:11            Elf (0/3) Orc:2        Vaults (1/5) D:14
 Depths (0/5) D:15

Altars:
Ashenzari
Dithmenos
Elyvilon
Gozag
Makhleb
Nemelex Xobeh
Qazlal
Ru
Sif Muna
Xom
Yredelemnul
Zin
The Shining One

Shops:
D:5 }   D:10 (   Orc:2 **:[   Snake:1 [   Snake:4 (!=

Annotations:
D:7 2 transporters
Orc:1 1 runed door, exclusion: 4 orange crystal statues
Vaults:1 Asterion


Message History

The vault guard is heavily wounded.
You slash the blizzard demon! You slash Asterion!
You block the ogre mage's attack. You block Asterion's attack. x2
Your orc priest hits Asterion but does no damage.
You block the vault guard's attack.
Unknown command.
You hit the vault guard but do no damage.
The vault guard is heavily wounded.
You slice Asterion!! You slash the blizzard demon!
You block the ogre mage's attack.
The ironbrand convoker hits your orc warrior with a great mace.
Your orc warrior hits the ironbrand convoker with a battleaxe of chopping!!
The ironbrand convoker dies!
Beogh accepts your kill.
Beogh blesses Wargath with healing.
Wargath looks more experienced.
Wargath misses the blizzard demon.
Asterion hits you with a demon blade of freezing!!!
* * * LOW HITPOINT WARNING * * *
Asterion freezes you!!
You die...

#. #. #.
#######+#################
.........................
.........................
......)p).....###########
......)Hoo...## #
......Op@2..##
............#
............#
#####.......# #.......#
#.......# #.......#
#.......#


You could see Asterion, a vault guard, a blizzard demon, an ogre mage, an
ironbrand convoker, the friendly Wargath the orc warrior and a friendly orc
priest.

Vanquished Creatures
  the Lernaean hydra (Swamp:3)
  An Ice Fiend (IceCv)
  A tentacled monstrosity (Swamp:2)
  A lich (Abyss:3)
  Frances (Swamp:1)
  A tentacled starspawn (Abyss:3)
  Kirke (Lair:4)
  A thorn hunter (Swamp:4)
  Donald (Swamp:3)
  8 nagarajas
  Aizul (Vaults:1)
  2 vault wardens (Vaults:1)
  An ironheart preserver (Vaults:1)
  A very ugly thing (Swamp:1)
  A red draconian (Volcano)
  A deep elf annihilator (D:13)
  Azrael (Snake:2)
  A minotaur (Lab)
  An ice dragon (D:14)
  The ghost of Glitchraptor the Carver, a journeyman DrBe of Trog (Snake:2)
  A catoblepas (Lair:5)
  18 hydras
  14 anacondas
  17 naga warriors
  4 centaur warriors
  A death knight (Vaults:1)
  4 alligators
  A queen ant (Lair:3)
  3 tengu warriors
  7 two-headed ogres
  7 death yaks
  2 ogre magi (D:15)
  A deep troll earth mage (D:13)
  3 thrashing horrors (Abyss:3)
  3 orc high priests
  5 shock serpents
  7 naga sharpshooters (Snake:4)
  3 salamander mystics
  4 skeletal warriors (D:13)
  A fire crab (shapeshifter) (Vaults:1)
  A spatial maelstrom (Abyss:3)
  3 unseen horrors
  A spriggan druid (Swamp:4)
  4 shambling mangroves
  9 naga ritualists
  9 swamp dragons
  2 wizards
  2 orc knights
  2 ironbrand convokers (Vaults:1)
  A lindwurm (Lair:6)
  2 orc sorcerers (Orc:2)
  10 mana vipers
  3 deep elf magi
  A faun (shapeshifter) (D:15)
  5 cyclopes
  A wolf spider zombie (D:13)
  10 ugly things
  2 manticores
  15 salamanders
  Joseph (D:8)
  8 centaur zombies
  11 naga magi
  A vault sentinel (Vaults:1)
  3 ice statues (IceCv)
  6 guardian serpents
  Psyche (D:8)
  4 elephants
  48 black mambas
  14 spiny frogs
  An anaconda simulacrum (IceCv)
  4 centaur skeletons
  3 komodo dragons
  A torpor snail (Lair:3)
  A kobold demonologist (D:13)
  6 yaktaurs
  A rime drake (Lair:2)
  2 gargoyles
  A guardian mummy (D:13)
  A freezing wraith (Vaults:1)
  10 trolls
  9 ice devils (IceCv)
  A meliai (shapeshifter) (D:13)
  A tengu conjurer (D:14)
  6 tyrant leeches
  18 hornets
  6 blink frogs
  3 large abominations (Abyss:3)
  24 slime creatures
  A hippogriff (shapeshifter) (D:15)
  A meliai zombie (D:12)
  Grinder (D:3)
  3 bog bodies
  A centaur simulacrum (D:13)
  6 hippogriffs
  Sigmund (D:2)
  A vampire (D:12)
  A wyvern (D:15)
  4 spriggans
  3 shadows
  5 wraiths (D:15)
  A ynoxinul (Abyss:3)
  27 yaks
  The ghost of sour the Chopper, an amateur NaFi (D:3)
  4 fire bats (Volcano)
  3 dire elephant simulacra (IceCv)
  2 fire elementals (Snake:2)
  A basilisk (Lair:6)
  A neqoxec (Abyss:3)
  A basilisk (shapeshifter) (D:14)
  A small abomination (Abyss:3)
  A hog (Lair:4)
  Menkaure (D:5)
  Edmund (D:5)
  28 vampire mosquitoes
  18 swamp worms
  3 hydra simulacra (IceCv)
  9 insubstantial wisps
  2 harpy simulacra (IceCv)
  44 nagas
  3 wargs
  An acid dragon (D:7)
  3 hell hounds (Snake:2)
  An iron troll simulacrum (IceCv)
  4 soldier ants (Lair:3)
  8 water moccasins
  7 porcupines
  4 hornet zombies (D:13)
  6 orc warriors
  13 swamp drakes
  4 black bears
  An eye of draining (D:14)
  12 wolves
  A necrophage (D:9)
  18 ogres
  5 boggarts (D:15)
  11 centaurs
  11 crocodiles
  A big kobold (D:14)
  An earth elemental (Abyss:3)
  18 bullfrogs
  A wyvern zombie (D:12)
  2 troll zombies (D:11)
  4 scorpions
  A killer bee (D:11)
  9 wights
  3 howler monkeys
  A crimson imp (D:5)
  6 lava snakes (Volcano)
  8 hounds
  A quasit (D:12)
  A bullfrog zombie (D:13)
  7 orc priests
  5 jellies
  Jessica (D:2)
  4 bullfrog skeletons
  Ijyb (D:2)
  4 iguanas
  Natasha (thrice) (D:2)
  5 orc wizards
  18 worker ants
  2 ogre zombies (D:11)
  A hound zombie (D:6)
  A hound skeleton (D:6)
  2 mummies (D:13)
  A worker ant zombie (D:5)
  10 gnolls
  17 adders
  7 river rats (D:5)
  6 shadow imps
  An ufetubus (Abyss:3)
  8 oozes
  An adder skeleton (D:7)
  2 worms
  3 dart slugs (D:1)
  7 leopard geckos
  27 orcs
  9 giant cockroaches
  21 goblins
  12 hobgoblins
  16 jackals
  7 quokkas
  13 bats
  7 frilled lizards
  A goblin skeleton (D:11)
  A hobgoblin skeleton (D:11)
  2 hobgoblin zombies (D:11)
  9 kobolds
  A leopard gecko skeleton (D:4)
  2 orc skeletons (D:11)
  7 orc zombies (D:11)
  A quokka skeleton (D:4)
  A quokka zombie (D:7)
  21 rats
  3 fungi
  A plant (Lair:6)
1039 creatures vanquished.

Vanquished Creatures (collateral kills)
  A tengu reaver (Vaults:1)
  A nagaraja (Snake:4)
  2 orc warlords (Orc:1)
  Louise (Swamp:1)
  A ghoul (D:13)
  Nessos (Lair:4)
  Snorg (Lair:4)
  Josephine (D:15)
  2 rakshasas
  5 anacondas
  4 hydras
  A naga warrior (Snake:4)
  A catoblepas (Lair:6)
  3 centaur warriors
  3 alligators
  A death yak (Lair:5)
  A deep troll shaman (Lair:6)
  An ogre mage (Vaults:1)
  4 two-headed ogres
  The ghost of Chiseanne the Thaumaturge, a journeyman DEAM of Vehumet (Lair:1)
  Urug (D:15)
  A spriggan (Swamp:1)
  Sonja (Lair:4)
  A naga sharpshooter (Snake:4)
  A skeletal warrior (D:13)
  An unseen horror (D:13)
  2 shambling mangroves
  A swamp dragon (Swamp:4)
  An ironbrand convoker (Vaults:1)
  2 orc knights
  2 orc sorcerers
  2 ugly things
  2 manticores
  A cyclops (D:12)
  6 guardian serpents (Snake:4)
  A vault sentinel (Vaults:1)
  2 centaur zombies
  2 naga magi (Snake:4)
  A torpor snail (Lair:2)
  5 elephants
  2 black mambas
  4 komodo dragons
  A centaur skeleton (D:15)
  2 spiny frogs
  2 trolls
  2 tyrant leeches
  A polar bear (Lair:2)
  10 slime creatures
  3 hornets
  7 blink frogs
  3 bog bodies
  4 hippogriffs
  2 wraiths
  2 shadows
  13 yaks
  A hog (Lair:4)
  A wyvern (Lair:5)
  3 hungry ghosts
  3 vampire mosquitoes
  2 insubstantial wisps (Swamp:1)
  7 soldier ants (Lair:3)
  2 wargs (Orc:2)
  9 nagas
  4 swamp worms
  9 water moccasins
  4 porcupines
  6 orc warriors
  A sky beast (D:12)
  A swamp drake (Swamp:1)
  A phantom (D:11)
  5 ogres
  A black bear (Lair:6)
  8 wolves
  5 centaurs
  8 crocodiles
  A bullfrog (Lair:1)
  A wyvern zombie (D:9)
  A wyvern skeleton (D:9)
  2 scorpions (D:11)
  A troll zombie (D:11)
  4 killer bees (D:11)
  6 wights
  An electric eel (Lair:2)
  A howler monkey (D:12)
  A lava snake (Volcano)
  3 crimson imps
  3 bullfrog zombies (D:13)
  A bullfrog skeleton (D:11)
  2 hounds
  5 orc priests
  3 jellies
  3 orc wizards
  An iguana (D:10)
  11 worker ants (Lair:3)
  An ogre zombie (D:11)
  A howler monkey zombie (D:10)
  3 adders
  2 shadow imps
  An ooze (D:9)
  6 orcs
  A quokka (D:9)
  A goblin skeleton (D:11)
  A goblin zombie (D:11)
  A jackal zombie (D:9)
  2 kobolds (D:14)
  An orc skeleton (D:11)
  3 orc zombies (D:11)
  2 bushes
  12 fungi
  10 plants
310 creatures vanquished.

Vanquished Creatures (others)
  An orc warlord (Swamp:3)
  An anaconda (Snake:4)
  2 orc high priests
  6 orc knights
  2 orc sorcerers
  22 orc warriors
  5 dream sheep (Lair:4)
  A hungry ghost (D:7)
  A human (Lair:4)
  A hornet zombie (D:7)
  2 centaurs (Volcano)
  A crocodile (Lair:4)
  9 orc priests
  13 orc wizards
  45 orcs
  A bat (D:3)
  A frilled lizard (D:3)
  9 fungi
  8 plants
  2 starspawn tentacles (Abyss:3)
133 creatures vanquished.

Grand Total: 1482 creatures vanquished

Notes
Turn   | Place    | Note
-------+----------+-------------------------------------------
     0 | D:1      | GordonOverkill the Hill Orc Fighter began the quest for the Orb.
     0 | D:1      | Reached XP level 1. HP: 19/19 MP: 1/1
    97 | D:1      | Reached XP level 2. HP: 27/27 MP: 2/2
   391 | D:1      | Reached XP level 3. HP: 29/33 MP: 3/3
   530 | D:1      | Reached skill level 4 in Fighting
   934 | D:2      | Reached XP level 4. HP: 22/40 MP: 4/4
  1169 | D:2      | Noticed Jessica
  1185 | D:2      | Killed Jessica
  1468 | D:2      | Found a glowing golden altar of the Shining One.
  1594 | D:2      | Reached XP level 5. HP: 46/46 MP: 5/5
  1619 | D:2      | Noticed Sigmund
  1735 | D:2      | Found a deep blue altar of Sif Muna.
  2024 | D:3      | Noticed sour's ghost (amateur NaFi)
  2044 | D:2      | Noticed Natasha
  2053 | D:2      | Killed Natasha
  2286 | D:2      | Noticed Natasha
  2293 | D:2      | Killed Natasha
  2293 | D:2      | Reached skill level 5 in Axes
  2463 | D:2      | Found a stormy altar of Qazlal.
  2606 | D:2      | Noticed Ijyb
  2859 | D:2      | Found an opulent altar of Gozag.
  2922 | D:2      | Killed Sigmund
  2922 | D:2      | Reached XP level 6. HP: 37/55 MP: 6/6
  3182 | D:3      | Found a sacrificial altar of Ru.
  3182 | D:3      | Found a white marble altar of Elyvilon.
  3241 | D:3      | Noticed Grinder
  3251 | D:3      | Became a worshipper of Beogh the Brigand
  3256 | D:3      | Paralysed by Grinder for 5 turns
  3301 | D:4      | Reached skill level 5 in Fighting
  3301 | D:4      | Reached skill level 5 in Shields
  3301 | D:4      | Reached XP level 7. HP: 41/61 MP: 7/7
  3608 | D:3      | Reached skill level 5 in Armour
  3608 | D:3      | Reached skill level 1 in Invocations
  3747 | D:3      | Paralysed by Grinder for 6 turns
  3754 | D:3      | Killed Grinder
  3991 | D:2      | Noticed Natasha
  3999 | D:2      | Killed Natasha
  4244 | D:2      | Killed Ijyb
  4367 | D:3      | Killed sour's ghost
  4367 | D:3      | Reached XP level 8. HP: 19/69 MP: 9/9
  5142 | D:4      | Found a staircase to the Ecumenical Temple.
  5178 | D:4      | Found a burning altar of Makhleb.
  5207 | D:5      | Entered Level 5 of the Dungeon
  5267 | D:5      | Reached * piety under Beogh
  5313 | D:5      | Reached skill level 6 in Fighting
  6017 | D:5      | Reached ** piety under Beogh
  6082 | D:5      | Found a glowing silver altar of Zin.
  6084 | D:5      | Noticed Menkaure
  6100 | D:5      | Killed Menkaure
  6367 | D:5      | Noticed Edmund
  6384 | D:5      | Killed Edmund
  6384 | D:5      | Reached XP level 9. HP: 72/78 MP: 12/12
  6414 | D:5      | Found Arapn's Gadget Shop.
  6901 | D:6      | Noticed a troll
  6909 | D:6      | Killed a troll
  6909 | D:6      | Reached skill level 5 in Invocations
  7276 | D:6      | Found a sparkling altar of Nemelex Xobeh.
  7570 | D:7      | Got a fine dagger
  7579 | D:7      | Identified the +5 dagger of the Past {pierce, *Corrode +Blink Int+3} (You found it on level 7 of the Dungeon)
  7590 | D:7      | Reached skill level 7 in Fighting
  7611 | D:7      | Noticed an efreet
  7613 | D:7      | Found a basalt altar of Yredelemnul.
  7970 | D:7      | Reached *** piety under Beogh
  8316 | D:8      | Reached skill level 10 in Axes
  8381 | D:8      | Noticed Psyche
  8395 | D:8      | Killed Psyche
  8433 | D:8      | Noticed Joseph
  8455 | D:8      | Killed Joseph
  8455 | D:8      | Reached XP level 10. HP: 47/86 MP: 14/14
  9480 | D:7      | Noticed a manticore
  9487 | D:7      | Killed a manticore
  9970 | D:9      | Reached skill level 8 in Fighting
  9971 | D:9      | Got a crude scale mail
  9974 | D:9      | Identified the +5 scale mail of the Unseen Realm {rElec Regen+ Int-5 SInv} (You found it on level 9 of the Dungeon)
 10012 | D:9      | Found a shadowy altar of Dithmenos.
 10815 | D:10     | Entered Level 10 of the Dungeon
 10820 | D:10     | Gained Norbak as an ally
 10837 | D:10     | Reached **** piety under Beogh
 11030 | D:10     | Reached XP level 11. HP: 48/95 MP: 15/17
 11382 | D:10     | Found Ethryla's Antique Weapon Shoppe.
 11397 | D:10     | Bought a broad axe for 108 gold pieces
 11721 | D:11     | Found a staircase to the Orcish Mines.
 11752 | D:11     | Reached ***** piety under Beogh
 11838 | D:11     | Reached skill level 9 in Fighting
 12298 | D:11     | Noticed an unseen horror
 12312 | D:11     | Killed an unseen horror
 12356 | D:11     | Paralysed by a hornet for 2 turns
 12565 | D:11     | Noticed a manticore
 12578 | D:11     | Killed a manticore
 12866 | D:11     | Noticed a cyclops
 12876 | D:11     | Killed a cyclops
 13111 | D:11     | Found a staircase to the Lair.
 13114 | Lair:1   | Entered Level 1 of the Lair of Beasts
 13117 | Lair:1   | Noticed Chiseanne's ghost (journeyman DEAM)
 13127 | Lair:1   | Killed Chiseanne's ghost
 14151 | Lair:2   | Reached skill level 10 in Fighting
 14152 | Lair:2   | Reached XP level 12. HP: 94/106 MP: 19/19
 14743 | Lair:2   | Found a staircase to the Swamp.
 15094 | Lair:2   | Reached skill level 10 in Invocations
 15124 | Lair:2   | Reached skill level 10 in Shields
 15365 | Lair:2   | Noticed a seven-headed hydra
 15373 | Lair:2   | Killed a seven-headed hydra
 15373 | Lair:2   | Gained Morbeogh as an ally
 15501 | Lair:2   | Reached skill level 10 in Armour
 15736 | Lair:3   | Noticed a seven-headed hydra
 15743 | Lair:3   | Killed a seven-headed hydra
 15743 | Lair:3   | Reached skill level 15 in Axes
 15897 | Lair:3   | Noticed a death yak
 15909 | Lair:3   | Killed a death yak
 15909 | Lair:3   | Reached ****** piety under Beogh
 15918 | Lair:3   | Gained Orbeogh as an ally
 15985 | Lair:3   | Noticed a queen ant
 15999 | Lair:3   | Killed a queen ant
 16027 | Lair:3   | Reached skill level 11 in Fighting
 16104 | Lair:3   | Reached XP level 13. HP: 95/116 MP: 20/20
 16676 | Lair:3   | Found a staircase to the Snake Pit.
 17398 | Lair:4   | Noticed Snorg
 17408 | Lair:4   | Killed Snorg
 17538 | Lair:4   | Noticed Kirke
 17547 | Lair:4   | Killed Kirke
 17731 | Lair:4   | Noticed Nessos
 17733 | Lair:4   | Killed Nessos
 17794 | Lair:4   | Noticed Sonja
 17865 | Lair:4   | Found a shimmering altar of Xom.
 17876 | Lair:4   | Killed Sonja
 18018 | Lair:4   | Identified a scroll of acquirement
 18507 | Lair:5   | Reached skill level 1 in Dodging
 18633 | Lair:5   | Reached skill level 12 in Fighting
 19472 | Lair:6   | Entered Level 6 of the Lair of Beasts
 19489 | Lair:6   | Reached XP level 14. HP: 120/127 MP: 21/21
 19587 | Lair:6   | Found a staircase to the Slime Pits.
 19741 | Lair:6   | Found a dark tunnel.
 19763 | Volcano  | Entered a volcano
 19934 | Volcano  | Noticed a red draconian
 19961 | Volcano  | Killed a red draconian
 20099 | Volcano  | Found a radiant altar of Vehumet.
 20155 | Volcano  | Found a bloodstained altar of Trog.
 22097 | D:12     | Reached skill level 13 in Fighting
 22456 | D:12     | Gained Murdo as an ally
 22758 | D:13     | Reached skill level 5 in Dodging
 23111 | D:13     | Noticed a ghoul
 23121 | D:13     | Killed a ghoul
 23651 | D:13     | Reached XP level 15. HP: 137/137 MP: 22/22
 23902 | D:13     | Reached skill level 14 in Fighting
 25201 | D:14     | Found a gate to the Vaults.
 25552 | D:15     | Entered Level 15 of the Dungeon
 25698 | D:15     | Found a labyrinth entrance.
 25707 | Lab      | Entered a labyrinth
 25794 | Lab      | Got a polished chain mail
 25818 | Lab      | Identified the Collected Works on Weightlessness and Translocation
 25821 | Lab      | Identified the +2 chain mail of Duty {Int+4 Stlth+} (You took it off a minotaur in a labyrinth)
 26236 | Orc:1    | Entered Level 1 of the Orcish Mines
 26259 | Orc:1    | Noticed an orc warlord
 26272 | Orc:1    | Killed an orc warlord
 26272 | Orc:1    | Reached skill level 15 in Fighting
 26274 | Orc:1    | Gained Oruk as an ally
 26317 | Orc:1    | Found a runed door.
 26339 | Orc:1    | Found a runed door.
 26555 | Orc:1    | Your ally Oruk died
 26803 | Orc:2    | Entered Level 2 of the Orcish Mines
 26812 | Orc:2    | Noticed an orc warlord
 26962 | Orc:1    | Killed an orc warlord
 27186 | Orc:2    | Found Xumpasev's Antique Armour Shoppe.
 27323 | Orc:2    | Found Yliedweu's Book Boutique.
 27381 | Orc:2    | Found Atwidghu's General Store.
 27395 | Orc:2    | Bought a scroll of blinking for 90 gold pieces
 27486 | Orc:2    | Found Igeclit's Assorted Antiques.
 27500 | Orc:2    | Bought a scroll labeled JUBBIE IGOA for 32 gold pieces
 27500 | Orc:2    | Bought a scroll of enchant weapon for 240 gold pieces
 27594 | Orc:2    | Found Imnoyk's Antique Weapon Shoppe.
 27607 | Orc:2    | Found a staircase to the Elven Halls.
 28038 | D:15     | Noticed Urug
 28057 | D:15     | Killed Urug
 28412 | D:15     | Reached XP level 16. HP: 109/149 MP: 12/23
 28607 | D:15     | Gained Hilgar as an ally
 28621 | D:15     | Found a staircase to the Depths.
 28758 | D:15     | Noticed Josephine
 28768 | D:15     | Killed Josephine
 28902 | D:15     | Found a white marble altar of Elyvilon.
 28909 | D:15     | Paralysed by a wizard for 7 turns
 29405 | Swamp:1  | Entered Level 1 of the Swamp
 29454 | Swamp:1  | Noticed Frances
 29467 | Swamp:1  | Reached skill level 16 in Fighting
 29473 | Swamp:1  | Killed Frances
 29565 | Swamp:1  | Gained Orgrim as an ally
 29807 | Swamp:1  | Noticed Louise
 29884 | Swamp:1  | Killed Louise
 30352 | Swamp:2  | Reached skill level 15 in Shields
 30877 | Swamp:2  | Found a runed door.
 30877 | Swamp:2  | Noticed a tentacled monstrosity
 31005 | Swamp:2  | Killed a tentacled monstrosity
 31409 | Swamp:3  | Reached skill level 17 in Fighting
 31742 | Swamp:3  | Found a frozen archway.
 31750 | IceCv    | Entered an ice cave
 32377 | IceCv    | Reached XP level 17. HP: 161/161 MP: 24/24
 33034 | IceCv    | Noticed an Ice Fiend
 33048 | IceCv    | Killed an Ice Fiend
 33220 | IceCv    | Cast into level 3 of the Abyss (a distortion unwield)
 33262 | Abyss:3  | Noticed a tentacled starspawn
 33280 | Abyss:3  | Killed a tentacled starspawn
 33376 | Abyss:3  | Noticed a lich
 33395 | Abyss:3  | Killed a lich
 33462 | IceCv    | Escaped the Abyss
 33604 | Swamp:3  | Noticed Donald
 33623 | Swamp:3  | Killed Donald
 33868 | Swamp:3  | Reached skill level 18 in Fighting
 34082 | Swamp:4  | Entered Level 4 of the Swamp
 34833 | Swamp:4  | Your ally Orgrim died
 35048 | Swamp:4  | Noticed the 27-headed Lernaean hydra
 35261 | Swamp:3  | Your ally Hilgar died
 35262 | Swamp:3  | Killed the 27-headed Lernaean hydra
 35901 | Swamp:4  | Got a decaying rune of Zot
 36537 | Snake:1  | Entered Level 1 of the Snake Pit
 36766 | Snake:1  | Reached skill level 19 in Fighting
 36915 | Snake:1  | Reached XP level 18. HP: 166/176 MP: 25/25
 36979 | Snake:1  | Got a twisted chain mail
 36980 | Snake:1  | Identified the +7 chain mail of the Quahog {+Inv SInv} (You found it on level 1 of the Snake Pit)
 36990 | Snake:1  | Found a shattered altar of Ashenzari.
 37091 | Snake:1  | Found Pogack's Armour Emporium.
 37100 | Snake:1  | Bought a +2 cloak for 231 gold pieces
 37669 | Snake:2  | Reached skill level 15 in Armour
 37812 | Snake:2  | Identified the Volume of Blistering Contamination
 38198 | Snake:2  | Noticed Azrael
 38206 | Snake:2  | Killed Azrael
 38377 | Snake:2  | Noticed Glitchraptor's ghost (journeyman DrBe)
 38391 | Snake:2  | Killed Glitchraptor's ghost
 38534 | Snake:3  | Reached skill level 20 in Fighting
 39561 | Snake:4  | Entered Level 4 of the Snake Pit
 39561 | Snake:4  | Found a basalt altar of Yredelemnul.
 39582 | Snake:4  | Found Yraeq's Jewellery Emporium.
 39683 | Snake:4  | Bought the ring "Atiuhoap" {+Blink MR++ AC+1 Int-2} for 275 gold pieces
 39938 | Snake:4  | Reached skill level 21 in Fighting
 40581 | Snake:4  | Found Nehenacits's Antique Weapon Emporium.
 40623 | Snake:4  | Found Huoleassi's Distillery.
 40626 | Snake:4  | Bought a potion of heal wounds for 65 gold pieces
 40626 | Snake:4  | Bought a potion of heal wounds for 65 gold pieces
 40626 | Snake:4  | Bought 2 potions of haste for 260 gold pieces
 40626 | Snake:4  | Bought a potion of cancellation for 104 gold pieces
 40626 | Snake:4  | Bought a potion of berserk rage for 65 gold pieces
 40626 | Snake:4  | Bought a potion of might for 52 gold pieces
 40626 | Snake:4  | Bought a potion of cancellation for 104 gold pieces
 40626 | Snake:4  | Bought a potion of berserk rage for 65 gold pieces
 40680 | Snake:4  | Gained Orik as an ally
 40683 | Snake:4  | Gained Gorbash as an ally
 40910 | Snake:4  | Reached XP level 19. HP: 189/189 MP: 26/26
 41072 | Snake:4  | Your ally Gorbash died
 41082 | Snake:4  | Your ally Orik died
 41102 | Snake:4  | Your ally Murdo died
 42264 | Snake:4  | Got a serpentine rune of Zot
 42580 | Vaults:1 | Entered Level 1 of the Vaults
 42645 | Vaults:1 | Noticed Aizul
 42677 | Vaults:1 | Killed Aizul
 43059 | Vaults:1 | Gained Garbold as an ally
 43386 | Vaults:1 | Noticed Asterion
 43394 | Vaults:1 | Your ally Garbold died
 43395 | Vaults:1 | Gained Jorge as an ally
 43395 | Vaults:1 | Gained Bolgrim as an ally
 43396 | Vaults:1 | Your ally Bolgrim died
 43396 | Vaults:1 | Your ally Jorge died
 43407 | Vaults:1 | Gained Wargath as an ally
 43407 | Vaults:1 | HP: 2/283 [Asterion/demon blade of freezing (39)]
 43407 | Vaults:1 | Demolished by Asterion

Skill      XL: |  1  2  3  4  5  6  7  8  9 10 11 12 13 14 15 16 17 18 19 |
---------------+----------------------------------------------------------+-----
Axes           | 3 4 6 7 9 10 12 13 15 17 18 | 18.1
Fighting       | 4 5 6 7 8 10 11 12 13 15 17 19 21 | 21.3
Armour         | 4 5 6 7 8 9 10 11 12 14 15 | 15.3
Shields        | 4 5 6 7 8 9 10 11 12 14 15 18 | 18.2
Invocations    | 2 4 6 8 9 10 | 10.2
Dodging        | 2 5 7 9 |  9.1

Action                   |  1- 3 |  4- 6 |  7- 9 | 10-12 | 13-15 | 16-18 | 19-21 || total
-------------------------+-------+-------+-------+-------+-------+-------+-------++-------
Melee: War axe           |   129 |   210 |   400 |   734 |   368 |  1614 |   412 ||  3867
       Unarmed           |       |     8 |     6 |       |       |       |       ||    14
       Morningstar       |       |       |       |     7 |    39 |    70 |       ||   116
       Broad axe         |       |       |       |       |   920 |       |       ||   920
Invok: Convert to Beogh  |       |     1 |       |       |       |       |       ||     1
       Smiting           |       |       |     2 |     4 |     9 |     8 |     5 ||    28
       Give Item to Name |       |       |       |       |     2 |       |     1 ||     3
       Resurrection      |       |       |       |       |     1 |       |       ||     1
       Recall Orcish Fol |       |       |       |       |       |       |     3 ||     3
       Stop Recall       |       |       |       |       |       |       |     1 ||     1
 Abil: Evoke Flight      |       |       |       |     1 |       |       |       ||     1
Evoke: Wand              |       |       |     5 |       |       |       |     2 ||     7
  Use: Potion            |     1 |     1 |     2 |     2 |     5 |     3 |     8 ||    22
       Scroll            |       |     3 |    17 |     8 |     9 |     6 |     3 ||    46
 Stab: Distracted        |       |       |       |     3 |     9 |     6 |     2 ||    20
       Petrified         |       |       |       |       |    13 |       |       ||    13
       Invisible         |       |       |       |       |     4 |       |       ||     4
       Paralysed         |       |       |       |       |     2 |       |       ||     2
       Confused          |       |       |       |       |     1 |       |       ||     1
  Eat: Chunk             |       |     8 |    12 |    27 |    29 |    21 |       ||    97
       Meat ration       |       |       |     1 |       |     2 |     5 |     1 ||     9
Armor: Scale mail        |    27 |       |       |   330 |   367 |   650 |    96 ||  1470
       Chain mail        |    76 |   168 |   199 |    59 |       |       |       ||   502
Dodge: Dodged            |    83 |   120 |   124 |   376 |   398 |   609 |    96 ||  1806
Block: Shield            |       |       |       |    52 |   691 |   941 |       ||  1684
       Large shield      |       |       |       |       |       |    72 |   356 ||   428
